 Seeded DCSS version 0.31.0-11-ge490571c62 (webtiles) character file.

Game seed: 8799821514367181042 (custom seed)

368 CInkIbrahim the Chopper (level 6, -5/37 HPs)
             Began as a Gargoyle Fighter on Feb 11, 2024.
             Slain by an iguana (9 damage)
             ... on level 4 of the Dungeon.
             The game lasted 00:03:53 (2112 turns).

CInkIbrahim the Chopper (Gargoyle Fighter)          Turns: 2112, Time: 00:03:54

Health: -5/37      AC: 12    Str: 21    XL:     6   Next: 69%
Magic:  6/6        EV:  9    Int: 11    God:
Gold:   820        SH:  4    Dex:  9    Spells: 5/5 levels left

rFire   . . .        a - +9 war axe "Caube" {speed, Int+2}
rCold   . . .        c - +0 buckler
rNeg    + . .        b - +0 scale mail
rPois   ∞            (no helmet)
rElec   +            (no cloak)
rCorr   .            j - +0 pair of gloves
SInv    .            (no boots)
Will    .....        k - amulet of faith Stlth
                     (no ring)
HPRegen 0.26/turn    (no ring)
MPRegen 0.10/turn

%: faith
@: weakened
A: sickness immunity, AC +4, negative energy resistance 1, electricity
resistance, torment resistance 1, petrification resistance
a: no special abilities


You were on level 4 of the Dungeon.
You visited 1 branch of the dungeon, and saw 4 of its levels.

You collected 1024 gold pieces.
You spent 204 gold pieces at shops.

Inventory:

Hand Weapons
 a - the +9 war axe "Caube" (weapon) {speed, Int+2}
   (You bought it in a shop on level 1 of the Dungeon)

   Int+2:     It affects your intelligence (+2).
 g - a +0 war axe
 i - a +2 short sword of venom
Armour
 b - a +0 scale mail (worn)
 c - a +0 buckler (worn)
 j - a +0 pair of gloves (worn)
Jewellery
 k - an amulet of faith (around neck)
Scrolls
 q - 2 scrolls of noise
Potions
 d - 3 potions of might
 e - a potion of berserk rage {unknown}
 f - a potion of curing {unknown}
 h - a potion of haste {unknown}
 m - a potion of enlightenment
 n - a potion of cancellation {unknown}
 p - a potion of attraction {unknown}


   Skills:
 - Level 3.2 Fighting
 + Level 6.3 Axes
 - Level 3.2 Armour
 - Level 3.2 Shields


You had 5 spell levels left.
You didn't know any spells.
Your spell library contained the following spells:

 Spells                   Type           Power      Damage    Failure   Level
 Sandblast                Erth           0%         2d4       75%         1
 Passwall                 Erth           0%         N/A       98%         3
 Stone Arrow              Conj/Erth      0%         3d7       98%         3
 Brom's Barrelling Bould  Conj/Erth      0%         2d3       100%        4


Dungeon Overview and Level Annotations

Branches:
Dungeon (4/15)             Temple (0/1) D:4

Altars:
Dithmenos
Uskayaw
Vehumet

Shops:
D:1 (

Portals:
Ossuary: D:4


Innate Abilities, Weirdness & Mutations

You are immune to sickness and miasma.
Your stone body is resilient. (AC +4)
You are immune to poison.
You resist negative energy. (rN+)
You are resistant to electric shocks. (rElec)
You are resistant to unholy torment.
You are immune to petrification.


Message History

You are too injured to fight recklessly!
You are too injured to fight recklessly!
You slash the gnoll!
You kill the gnoll!
You hit the giant cockroach. The gnoll hits you but does no damage.
The giant cockroach bites you but does no damage.
You closely miss the iguana. You slash the giant cockroach!
You kill the giant cockroach!
The gnoll hits you but does no damage.
The iguana bites you but does no damage.
You slash the gnoll bouda!
The gnoll bouda is severely wounded.
You slash the iguana! The gnoll hits you but does no damage.
The iguana barely misses you.
The gnoll hits you from afar with a +1 heavy spear.
The gnoll hits you but does no damage. The iguana bites you.
The gnoll bouda gazes fiercely through you!
You feel as though you will be weak longer.
The gnoll bouda hits you with a +0 club!
* * * LOW HITPOINT WARNING * * *
You see here a +0 whip.
You hit the gnoll.
The gnoll is moderately wounded.
You hit the iguana.
You hit the gnoll bouda but do no damage.
You hear the slow hiss of an avalanche of sand.
The gnoll hits you from afar with a +1 heavy spear.
* * * LOW HITPOINT WARNING * * *
The gnoll closely misses you. The iguana closely misses you.
The gnoll bouda utters an invocation to its god.
The gnoll bouda is healed somewhat.
Okay, then.
Okay, then.
As you read the scroll of fog, it dissolves into smoke.
The gnoll hits you with a +0 spear.
* * * LOW HITPOINT WARNING * * *
You block the iguana's attack. The gnoll hits you but does no damage.
The gnoll bouda barely misses you. The gnoll hits you but does no damage.
The iguana bites you!
You die...

.....<....## ..
........§.. ##.
.##......§§# . ##..
.........§§## ..
##...##........§..#...
##?....................
##......##.#............
#......g§#.##...<.....?.
#..§@§g..............
#.#§§l§.........#....
....§.#g........## .#.
..................# .
...............(..$... .
...................... .
..................##..#.
##................# ..#
........#......#


You could see a gnoll bouda, an iguana and 2 gnolls.

Vanquished Creatures
  An orc priest (D:3)
  Terence (D:2)
  Natasha (thrice) (D:2)
  An orc wizard (D:3)
  6 gnolls
  5 adders
  2 ribbon worms
  5 dart slugs
  6 orcs (D:3)
  5 bats
  7 endoplasms
  7 giant cockroaches
  10 goblins
  8 hobgoblins
  8 jackals
  3 quokkas
  6 ball pythons
  3 frilled lizards
  3 kobolds
  2 rats
92 creatures vanquished.

Notes
Turn   | Place    | Note
-------+----------+-------------------------------------------
     0 | D:1      | CInkIbrahim the Gargoyle Fighter began the quest for the
                  | Orb.
     0 | D:1      | Reached XP level 1. HP: 14/14 MP: 1/1
    54 | D:1      | Reached skill level 2 in Axes
   102 | D:1      | Reached XP level 2. HP: 19/19 MP: 2/2
   352 | D:1      | Reached skill level 3 in Axes
   393 | D:1      | Reached XP level 3. HP: 23/23 MP: 3/3
   528 | D:1      | Found Waanla's Antique Weapon Boutique.
   742 | D:1      | Identified a scroll of acquirement
   742 | D:1      | Acquired 853 gold pieces
   803 | D:1      | Bought a jewelled war axe for 204 gold pieces
   803 | D:1      | Identified the +9 war axe "Caube" {speed, Int+2} (You
                  | bought it in a shop on level 1 of the Dungeon)
   938 | D:2      | Noticed Terence
   941 | D:2      | Killed Terence
   942 | D:2      | Reached skill level 4 in Axes
   942 | D:2      | Reached XP level 4. HP: 28/28 MP: 4/4
   964 | D:2      | Reached XP level 5. HP: 8/32 MP: 5/5
  1108 | D:2      | Found a faded altar of an unknown god.
  1224 | D:2      | Noticed Natasha
  1228 | D:2      | Killed Natasha
  1229 | D:2      | Reached skill level 5 in Axes
  1257 | D:2      | You fall into a shaft and drop 1 floor!
  1277 | D:3      | Reached XP level 6. HP: 33/37 MP: 6/6
  1569 | D:3      | Found a hide-covered altar of Uskayaw.
  1570 | D:3      | Found a radiant altar of Vehumet.
  1928 | D:2      | Noticed Natasha
  1934 | D:2      | Killed Natasha
  1935 | D:2      | Reached skill level 6 in Axes
  2007 | D:2      | Noticed Natasha
  2013 | D:2      | Killed Natasha
  2058 | D:4      | Found a staircase to the Ecumenical Temple.
  2092 | D:4      | Found a shadowy altar of Dithmenos.
  2094 | D:4      | Found a sand-covered staircase.
  2112 | D:4      | Slain by an iguana

Illustrated notes

Levels and vault maps discovered:
D:1:      dpeg_arrival_rhombi, layout_loops_ring, serial_shops,
          nicolae_shop_pleasant_corner_grove
D:2:      layout_rooms, ebering_ecumenical_altar_hall, uniq_natasha,
          uniq_terence
D:3:      layout_basic, mainiacjoe_overflow_divided_tiny
D:4:      layout_cave_pools, grunt_dithmenos_smoke, minmay_temple_entry_mist,
          nicolae_ossuary_entry_ruins

Skill      XL: |  1  2  3  4  5  6 |
---------------+-------------------+-----
Axes           | 2 3 4 5 6 |  6.3
Fighting       | |  3.2
Armour         | |  3.2
Shields        | |  3.2

Action                     |  1- 3 |  4- 6 || total
---------------------------+-------+-------++-------
  Melee: War axe           |    97 |    95 ||   192
    Use: Scroll            |     1 |     4 ||     5
 Armour: Scale mail        |    65 |    75 ||   140
  Dodge: Dodged            |    52 |    40 ||    92
  Block: Buckler           |    21 |    21 ||    42
